 Seeded DCSS version 0.31-a0-963-ga325b2283a (webtiles) character file.

Game seed: 2546108723154378589 (custom seed)

48125 Ahpoh the Fencer (level 14, -14/115 HPs)
             Began as a Barachi Fighter on Oct 24, 2023.
             Was the Champion of Cheibriados.
             Killed from afar by a bog body (35 damage)
             ... with a bolt of cold
             ... on level 1 of the Swamp.
             The game lasted 01:09:48 (21970 turns).

Ahpoh the Fencer (Barachi Fighter)                 Turns: 21970, Time: 01:09:49

Health: -14/115    AC: 14    Str: 33    XL:     14   Next: 45%
Magic:  18/18      EV: 25    Int: 23    God:    Cheibriados [******]
Gold:   1773       SH: 15    Dex: 32    Spells: 13/13 levels left

rFire   . . .        a - +3 long sword
rCold   . . .        c - +0 buckler
rNeg    . . .        b - +0 scale mail
rPois   .            (no helmet)
rElec   .            p - +0 cloak
rCorr   .            e - +0 pair of gloves
SInv    +            t - +0 pair of boots
Will    +....        I - amulet of reflection
Stlth   ++           G - ring of see invisible
HPRegen 0.39/turn    P - +5 ring of evasion
MPRegen 0.16/turn

%: reflection
@: very slow
A: amphibious, slowness 1, strong legs 2, +LOS
a: Hop, Renounce Religion, Bend Time, Temporal Distortion, Slouch, Step From
Time


You were on level 1 of the Swamp.
You worshipped Cheibriados.
Cheibriados was exalted by your worship.
You visited 4 branches of the dungeon, and saw 17 of its levels.

You collected 1906 gold pieces.
You spent 133 gold pieces at shops.

Inventory:

Hand Weapons
 a - a +3 long sword (weapon)
 h - a +2 trident of venom
 A - a +4 short sword of freezing
 X - the +10 dark maul {heavy}
   (You found it on level 5 of the Lair of Beasts)
Missiles
 i - a curare-tipped dart
 B - a javelin (quivered)
 T - 3 boomerangs
 W - 2 darts of dispersal
Armour
 b - a +0 scale mail (worn)
 c - a +0 buckler (worn)
 e - a +0 pair of gloves (worn)
 k - a +3 crystal plate armour
 p - a +0 cloak (worn)
 t - a +0 pair of boots (worn)
Jewellery
 q - a ring of flight
 s - a ring of wizardry
 E - a +6 ring of intelligence
 G - a ring of see invisible (left hand)
 I - an amulet of reflection (around neck)
 J - a ring of protection from cold
 O - a +6 ring of intelligence
 P - a +5 ring of evasion (right hand)
Wands
 u - a wand of charming (6)
 y - a wand of acid (11)
 C - a wand of flame (4)
 K - a wand of mindburst (4)
Scrolls
 d - 2 scrolls of torment
 f - 2 scrolls of fog
 j - a scroll of poison
 l - a scroll of teleportation
 m - 4 scrolls of noise
 n - 2 scrolls of amnesia
 r - a scroll of identify
 w - 2 scrolls of immolation
Potions
 g - 2 potions of cancellation {unknown}
 o - 2 potions of lignification
 v - a potion of ambrosia {unknown}
 x - a potion of resistance {unknown}
 z - 2 potions of enlightenment
 D - a potion of degeneration {unknown}
 F - 2 potions of brilliance {unknown}
 H - a potion of attraction {unknown}
 Q - a potion of might
 R - a potion of magic {unknown}
 V - 2 potions of mutation {unknown}


   Skills:
 * Level 12.3 Fighting
 * Level 15.1 Long Blades
 + Level 1.2 Throwing
 * Level 13.3 Armour
 * Level 8.7 Dodging
 - Level 1.4 Stealth
 * Level 13.3 Shields
 * Level 6.0 Invocations
 + Level 1.9 Evocations


You had 13 spell levels left.
You didn't know any spells.
Your spell library contained the following spells:

 Spells                   Type           Power      Damage    Failure   Level
 Apportation              Tloc           0%         N/A       28%         1
 Necrotise                Necr           0%         1d4       28%         1
 Summon Small Mammal      Summ           0%         N/A       28%         1
 Blink                    Tloc           0%         N/A       38%         2
 Cigotuvi's Dreadful Rot  Necr/Pois/Air  0%         N/A       38%         2
 Passwall                 Tmut/Erth      0%         N/A       38%         2
 Wereblood                Tmut           0%         N/A       38%         2
 Frozen Ramparts          Ice            0%         1d1       63%         3
 Summon Guardian Golem    Hex/Summ       0%         N/A       63%         3
 Vampiric Draining        Necr           0%         2d6       63%         3
 Manifold Assault         Tloc           0%         N/A       95%         4
 Passage of Golubria      Tloc           0%         N/A       95%         4
 Petrify                  Tmut/Erth      0%         N/A       95%         4
 Vhi's Electric Charge    Tloc/Air       0%         N/A       95%         4
 Agony                    Necr           0%         N/A       100%        5
 Arcjolt                  Conj/Air       0%         1d10      100%        5
 Metabolic Englaciation   Hex/Ice        0%         N/A       100%        5
 Silence                  Hex/Air        0%         N/A       100%        5
 Conjure Ball Lightning   Conj/Air       0%         3x3d6     100%        6
 Orb of Destruction       Conj           0%         9d5       100%        7
 Spellforged Servitor     Conj/Summ      0%         N/A       100%        7
 Discord                  Hex            0%         N/A       100%        8
 Disjunction              Tloc           0%         N/A       100%        8
 Lehudib's Crystal Spear  Conj/Erth      0%         10d2      100%        8
 Maxwell's Capacitive Co  Air            0%         ∞         100%        8


Dungeon Overview and Level Annotations

Branches:
Dungeon (10/15)            Temple (1/1) D:7            Lair (5/5) D:9
  Swamp (1/4) Lair:2        Snake (0/4) Lair:3        Slime (0/5) Lair:5
    Orc: D:9-12

Altars:
Ashenzari
Cheibriados
Dithmenos
Fedhas
Gozag
Hepliaklqana
Kikubaaqudgha
Makhleb
Nemelex Xobeh
Okawaru
Qazlal
Ru
Trog
Uskayaw
Vehumet
Wu Jian
Xom
Yredelemnul
Zin
The Shining One
Jiyva

Shops:
D:1 ?

Annotations:
D:6 2 runed translucent doors, DocEon's ghost, novice MiBe
D:8 2 runed translucent doors, lessens's ghost, novice GnGl
Lair:2 2 transporters, Durch's ghost, journeyman DsFE


Innate Abilities, Weirdness & Mutations

You are amphibious.
You cover ground slowly.
You can hop long distances.
You have an extended range of vision and can be seen from far away.


Message History

You hit the goliath frog.
The goliath frog is severely wounded.
You block the goliath frog's attack.
You slash the goliath frog!
You kill the goliath frog!
Cheibriados thoroughly appreciates the change of pace.
You enter the shallow water.
You start resting.
A bog body comes into view.
You see here a +0 scale mail.
The bog body points at you and mumbles some strange words.
The bolt of cold misses you. The bog body casts a spell at you.
The bolt of cold hits you!
The bog body points at you and mumbles some strange words.
The bolt of cold hits you!!!
There is a stone staircase leading down here.
Aiming: Mindburst
Press: ? - help, Q - select action, (/) - cycle Shift-Dir - straight line, f - bog body
Aim: a bog body (chance to affect: 55%)
The bog body's mind is blasted!
Aiming: Mindburst
Press: ? - help, Q - select action, (/) - cycle Shift-Dir - straight line, f/p - bog body
Aim: a bog body (moderately damaged, chance to affect: 55%)
The bog body resists with significant effort.
Aiming: Corrosive Bolt
Press: ? - help, Q - select action, (/) - cycle Shift-Dir - straight line, f/p - bog body
Aim: a bog body (moderately damaged, 75% to hit)
The bolt of acid misses the bog body.
You hit the bog body.
The bog body is heavily damaged.
You hit the bog body.
The bog body is heavily damaged.
The bog body touches you! The bog body freezes you!
* * * LOW HITPOINT WARNING * * *
You barely miss the bog body.
The bog body is heavily damaged.
The bog body casts a spell at you. The bolt of cold hits you!!
You die...

♣~..♣♣ ♣♣~~§~~~..
♣... ♣.~~.♣
♣~~~~~~..♣
♣.~~.♣♣♣~.~~~~~§~♣
♣♣~~♣♣♣..~~~~~~§~♣♣
♣♣♣♣♣.~~~~~~~..>.♣♣~
♣.~~~~~~...§~~~♣♣
♣..~~~~...~~~~~.♣♣
♣♣[.~~..~§.~~§~...♣
♣~.@n~.....~~~~..~~
♣♣♣♣.~~.....~~.~~~
♣~....~.....♣
♣..)........♣
♣......~~.♣~♣~.
♣♣~.~..~~..~.!.§
♣♣♣♣♣.~...~~~~~
♣~...(.~~~.
♣~...♣♣....


You could see a bog body.

Vanquished Creatures
  9 hydras
  A catoblepas (Lair:5)
  A boulder beetle (Lair:3)
  A merfolk avatar (Lair:5)
  2 goliath frogs (Swamp:1)
  A skyshark (Lair:3)
  A sea snake (Lair:5)
  2 bog bodies
  A swamp dragon (Lair:2)
  A will-o-the-wisp (Lair:2)
  2 manticores (Lair:5)
  4 black mambas
  Joseph (D:9)
  14 elephants
  2 torpor snails
  20 cane toads
  5 rime drakes
  4 komodo dragons
  2 trolls
  4 polar bears
  3 wind drakes (Lair:5)
  3 hornets
  3 dream sheep (Lair:1)
  3 tyrant leeches (Lair:2)
  A snapping turtle (Lair:5)
  7 blink frogs
  A spriggan (Lair:2)
  5 wyverns
  31 yaks
  A basilisk (Lair:5)
  11 vampire mosquitoes
  A naga (Lair:3)
  3 swamp worms (Lair:2)
  An acid dragon (D:9)
  17 water moccasins
  An orc warrior (D:9)
  An ice beast (D:6)
  3 sky beasts
  16 wolves
  An ogre (D:5)
  2 black bears
  3 centaurs
  2 kobold brigands (D:8)
  16 bullfrogs
  7 scorpions
  4 gnoll sergeants
  4 wights
  36 killer bees
  4 howler monkeys
  Crazy Yiuf (D:2)
  3 hounds
  2 gnoll boudas
  4 orc priests
  Jessica (D:2)
  2 iguanas
  Natasha (thrice) (D:2)
  4 hell rats
  5 orc wizards
  28 gnolls
  5 adders
  A shadow imp (D:6)
  A white imp (D:6)
  2 ufetubi (D:5)
  4 worms
  19 orcs
  An endoplasm (D:1)
  2 giant cockroaches
  A goblin (D:1)
  4 hobgoblins
  A quokka (D:4)
  4 ball pythons
  3 bats
  6 frilled lizards
  13 kobolds
  3 rats
392 creatures vanquished.

Vanquished Creatures (collateral kills)
  A gnoll (D:8)
  An orc (D:5)
2 creatures vanquished.

Vanquished Creatures (others)
  A human (D:9)
  A gnoll (D:9)
  A white imp (D:6)
  3 foxfires (Swamp:1)
6 creatures vanquished.

Grand Total: 400 creatures vanquished

Notes
Turn   | Place    | Note
-------+----------+-------------------------------------------
     0 | D:1      | Ahpoh the Barachi Fighter began the quest for the Orb.
     0 | D:1      | Reached XP level 1. HP: 18/18 MP: 1/1
   154 | D:1      | Found Tyugio's Magic Scroll Shop.
   206 | D:1      | Found a faded altar of an unknown god.
   206 | D:1      | Noticed a shadow demon
   758 | D:2      | Reached XP level 2. HP: 24/25 MP: 2/2
  1142 | D:2      | Found a runed translucent door.
  1143 | D:2      | Noticed Crazy Yiuf
  1197 | D:2      | Noticed Natasha
  1201 | D:2      | Killed Natasha
  1202 | D:2      | Reached skill level 3 in Long Blades
  1202 | D:2      | Reached skill level 1 in Stealth
  1202 | D:2      | Reached XP level 3. HP: 24/30 MP: 3/3
  1509 | D:3      | Found a hazy altar of Hepliaklqana.
  1651 | D:3      | Found a sparkling altar of Nemelex Xobeh.
  1799 | D:3      | Reached XP level 4. HP: 33/37 MP: 4/4
  2141 | D:4      | Found a bloodstained altar of Trog.
  2478 | D:4      | Reached skill level 4 in Long Blades
  2478 | D:4      | Reached XP level 5. HP: 32/43 MP: 5/5
  2764 | D:4      | Found a radiant altar of Vehumet.
  2823 | D:4      | Found a basalt altar of Yredelemnul.
  3091 | D:2      | Noticed Jessica
  3101 | D:2      | Killed Jessica
  3102 | D:2      | Reached skill level 1 in Dodging
  3251 | D:2      | Noticed Natasha
  3265 | D:2      | Killed Natasha
  3390 | D:2      | Killed Crazy Yiuf
  3391 | D:2      | Reached XP level 6. HP: 49/49 MP: 6/6
  3576 | D:2      | Noticed Natasha
  3587 | D:2      | Killed Natasha
  3588 | D:2      | Reached skill level 5 in Armour
  3696 | D:5      | Entered Level 5 of the Dungeon
  3742 | D:6      | Found a runed translucent door.
  3749 | D:6      | Noticed DocEon's ghost (novice MiBe)
  3872 | D:6      | Identified the +8 chain mail "Xeskaqusm" {rElec rCorr}
  3924 | D:6      | Noticed a sky beast
  3932 | D:7      | Noticed an ice beast
  3966 | D:6      | Killed a sky beast
  3967 | D:6      | Reached skill level 5 in Long Blades
  4205 | D:6      | Noticed a sky beast
  4234 | D:6      | Killed a sky beast
  4235 | D:6      | Reached XP level 7. HP: 38/55 MP: 7/7
  4372 | D:6      | Reached skill level 6 in Long Blades
  4379 | D:6      | Reached skill level 5 in Fighting
  4757 | D:6      | Found a runed translucent door.
  5058 | D:5      | Reached skill level 7 in Long Blades
  5312 | D:5      | Reached XP level 8. HP: 45/62 MP: 8/8
  5747 | D:5      | Found a burning altar of Makhleb.
  6204 | D:5      | Found a shimmering altar of Xom.
  6508 | D:6      | Reached skill level 8 in Long Blades
  6941 | D:6      | Reached skill level 5 in Shields
  7336 | D:7      | Reached XP level 9. HP: 29/69 MP: 9/9
  7642 | D:7      | Found a staircase to the Ecumenical Temple.
  7658 | Temple   | Entered the Ecumenical Temple
  7999 | D:7      | Found a snail-covered altar of Cheibriados.
  8021 | D:7      | Became a worshipper of Cheibriados the Contemplative
  8209 | D:7      | Reached skill level 9 in Long Blades
  8400 | D:8      | Identified the "Doyluin"
  9109 | D:8      | Reached * piety under Cheibriados
  9293 | D:8      | Found a glowing golden altar of the Shining One.
  9308 | D:8      | Found a large runed translucent door.
  9308 | D:8      | Found a large runed translucent door.
  9313 | D:8      | Noticed lessens's ghost (novice GnGl)
  9555 | D:9      | Noticed Joseph
  9555 | D:9      | Found an iron altar of Okawaru.
  9929 | D:9      | Noticed a troll
  9930 | D:9      | Noticed a troll
  9994 | D:9      | Killed Joseph
 10070 | D:9      | Reached skill level 1 in Evocations
 10085 | D:9      | Reached skill level 10 in Long Blades
 10190 | D:8      | Killed a troll
 10191 | D:8      | Reached skill level 1 in Invocations
 10191 | D:8      | Reached XP level 10. HP: 50/79 MP: 10/10
 10926 | D:8      | Reached ** piety under Cheibriados
 11629 | D:10     | Entered Level 10 of the Dungeon
 11654 | D:10     | Reached skill level 5 in Dodging
 11657 | D:10     | Reached skill level 11 in Long Blades
 11796 | D:10     | Reached *** piety under Cheibriados
 12060 | D:9      | Found an ancient bone altar of Kikubaaqudgha.
 12122 | D:9      | Found a hide-covered altar of Uskayaw.
 12211 | D:9      | Found a staircase to the Lair.
 12217 | D:9      | Reached skill level 10 in Armour
 12352 | IceCv    | Identified the of Kaczymen
 12352 | Lair:1   | Entered Level 1 of the Lair of Beasts
 12433 | Lair:1   | Noticed a cane toad
 12458 | Lair:1   | Killed a cane toad
 12459 | Lair:1   | Reached XP level 11. HP: 87/87 MP: 12/12
 12497 | Lair:1   | Reached **** piety under Cheibriados
 12568 | Lair:1   | Reached skill level 12 in Long Blades
 12656 | Lair:1   | Reached ***** piety under Cheibriados
 13818 | Lair:2   | Found a staircase to the Swamp.
 14119 | Lair:2   | Found a transporter.
 14124 | Lair:2   | Found a bloodstained altar of Trog.
 14124 | Lair:2   | Noticed Durch's ghost (journeyman DsFE)
 14124 | Lair:2   | Noticed a spriggan rider
 14126 | Lair:2   | Noticed a spriggan rider
 14135 | Lair:2   | Found a transporter.
 14141 | Lair:2   | Noticed a moth of wrath
 14301 | Lair:2   | Reached XP level 12. HP: 89/96 MP: 14/14
 14628 | Lair:2   | Noticed a six-headed hydra
 14642 | Lair:2   | Killed a six-headed hydra
 14650 | Lair:2   | Reached skill level 13 in Long Blades
 14729 | Lair:2   | Reached skill level 10 in Fighting
 14921 | Lair:2   | Noticed an eight-headed hydra
 14942 | Lair:2   | Killed an eight-headed hydra
 15592 | Lair:3   | Found a staircase to the Snake Pit.
 15648 | Lair:3   | Noticed a boulder beetle
 15664 | Lair:3   | Killed a boulder beetle
 15665 | Lair:3   | Reached skill level 10 in Shields
 15773 | Lair:3   | Reached skill level 1 in Throwing
 15824 | Lair:3   | Noticed a skyshark
 15845 | Lair:3   | Killed a skyshark
 16451 | Lair:4   | Reached skill level 14 in Long Blades
 16539 | Lair:4   | Gained mutation: You can hop long distances. [Barachi
                  | growth]
 16539 | Lair:4   | Reached XP level 13. HP: 104/104 MP: 16/16
 16906 | D:1      | Bought a scroll of identify for 28 gold pieces
 16906 | D:1      | Bought a scroll of enchant armour for 105 gold pieces
 17260 | Lair:5   | Entered Level 5 of the Lair of Beasts
 17591 | Lair:4   | Reached ****** piety under Cheibriados
 18058 | Lair:4   | Reached skill level 5 in Invocations
 19566 | Lair:5   | Reached XP level 14. HP: 56/114 MP: 3/18
 19569 | Lair:5   | Found a viscous altar of Jiyva.
 20416 | Lair:5   | Found a staircase to the Slime Pits.
 20439 | Lair:5   | Found the +10 dark maul {heavy}
 20528 | Lair:5   | Identified the serpent talisman of Disaster {Int+5}
 20845 | Swamp:1  | Entered Level 1 of the Swamp
 21043 | Lair:2   | Reached skill level 15 in Long Blades
 21612 | Swamp:1  | Identified a scroll of acquirement
 21612 | Swamp:1  | Acquired 959 gold pieces
 21970 | Swamp:1  | Killed from afar by a bog body

Illustrated notes

Levels and vault maps discovered:
D:1:      dpeg_arrival_three_smaller_balls, layout_basic, serial_shops, shop,
          dreamdust_ecumenical_altar_sealed_demon
D:2:      layout_loops_cross, uniq_crazy_yiuf_cottage, uniq_jessica,
          uniq_natasha
D:3:      layout_loops_ring, nemelex_xobeh_ov_fountains_minmay,
          marbit_many_paths, serial_glass, glass_columns_b, glass_columns_a,
          moated_statue
D:4:      layout_basic, lemuel_round_altar, mainiacjoe_overflow_catch_the_wave
D:5:      wad_lake_hut, layout_loops_ring, makhleb_blood_cavern_becter,
          lemuel_tele_altar, kennysheep_generic_room_3
D:6:      layout_basic, ebering_ghost_sewer_f
D:7:      layout_loops_ring, cheibrodos_worm_habitat,
          minmay_temple_entry_slanted
D:8:      layout_cave_pods, tso_oasis_becter, ebering_ghost_disaster_area
D:9:      layout_big_octagon, mainiacjoe_overflow_boulevard,
          eat_drink_and_be_merry_uskayaw, tgw_kikubaaqudgha,
          grunt_lair_entry_orc_guard_hut, minmay_misc_feat_five, st_stairs_10,
          uniq_joseph
D:10:     layout_roguey, nicolae_sif_muna_condensation,
          mainiacjoe_overflow_paths, david_orc_5, minivault_13, uniq_harold
Temple:   nicolae_temple_bog_church
Lair:1:   wad_woods_minihive, layout_loops_ring, enter_volcano_4,
          chequers_serial_rivers_large_a
Lair:2:   layout_cave_pods, minmay_swamp_entry_swarm,
          gammafunk_ghost_wrathful_warriors, beast_lair_carwin_4
Lair:3:   layout_gridlike, guppyfry_snake_entry_island, grunt_megastairs_3,
          serial_bayou_shore_b
Lair:4:   layout_concentric_octagons, grunt_megastairs_1, lemuel_fruit_fields
Lair:5:   gammafunk_lair_ancient_temple, layout_loops_ring, slime_entry_1,
          lemuel_fruit_fields
Swamp:1:  layout_basic_swamp, evilmike_swamp_ruin_house_5

Skill      XL: |  1  2  3  4  5  6  7  8  9 10 11 12 13 14 |
---------------+-------------------------------------------+-----
Fighting       | 4 5 6 7 8 9 10 11 12 | 12.3
Long Blades    | 3 4 5 7 8 10 11 12 14 15 | 15.1
Stealth        | 1 |  1.4
Armour         | 4 5 6 7 8 10 11 12 13 | 13.3
Dodging        | 1 2 3 4 5 6 7 8 |  8.7
Shields        | 4 5 7 9 10 12 13 | 13.3
Evocations     | 1 |  1.9
Invocations    | 1 2 3 4 5 6 |  6.0
Throwing       | 1 |  1.2

Action                     |  1- 3 |  4- 6 |  7- 9 | 10-12 | 13-15 || total
---------------------------+-------+-------+-------+-------+-------++-------
  Melee: Long sword        |    83 |   128 |   494 |   913 |   697 ||  2315
         Short sword       |       |       |       |    15 |    70 ||    85
  Throw: Javelin           |       |       |     6 |     4 |       ||    10
         Dart              |       |       |       |     1 |     1 ||     2
 Invoke: Slouch            |       |       |       |     1 |     3 ||     4
         Temporal Distorti |       |       |       |       |     1 ||     1
Ability: Hop               |       |     1 |     4 |     7 |    11 ||    23
  Evoke: Wand              |       |     3 |    11 |    15 |    10 ||    39
    Use: Potion            |     1 |     2 |     6 |     5 |     6 ||    20
         Scroll            |       |     3 |       |     4 |    17 ||    24
   Stab: Petrified         |       |       |       |       |     1 ||     1
 Armour: Scale mail        |    56 |   100 |   268 |       |     8 ||   432
         Skin              |       |     4 |       |    38 |       ||    42
         Crystal plate arm |       |       |   135 |   593 |   402 ||  1130
  Dodge: Dodged            |    36 |    45 |   186 |   351 |   457 ||  1075
  Block: Buckler           |    24 |    23 |   159 |   603 |   607 ||  1416
         Reflection        |       |       |       |     7 |     2 ||     9

Table legend: (Time is in decaauts)
 A = Elapsed time spent in this place.
 B = Non-inter-level travel time spent in this place.
 C = Inter-level travel time spent in this place.
 D = Time resting spent in this place.
 E = Time spent auto-exploring this place.
 F = Levels seen in this place.
 G = Mean time per level.
                   A        B        C        D        E       F      G
               +--------+--------+--------+--------+--------+-----+--------+
         Total |  29383 |  27095 |   2288 |   6606 |  13131 |  17 | 1728.4 |
       Dungeon |  15484 |  14054 |   1430 |   3715 |   6849 |  10 | 1548.4 |
        Temple |    152 |    152 |      0 |      0 |      0 |   1 |  152.0 |
          Lair |  13277 |  12419 |    858 |   2800 |   6182 |   5 | 2655.4 |
         Swamp |    468 |    468 |      0 |     90 |     99 |   1 |  468.0 |
               +--------+--------+--------+--------+--------+-----+--------+

Top non-repeatable levels by time:
  Lair:2: 3283 daAuts
     D:8: 3198 daAuts
  Lair:4: 3151 daAuts
  Lair:1: 2770 daAuts
  Lair:5: 2273 daAuts
     D:6: 2054 daAuts
  Lair:3: 1797 daAuts
     D:5: 1749 daAuts
     D:9: 1534 daAuts
     D:7: 1505 daAuts
     D:2: 1366 daAuts
     D:4: 1257 daAuts
     D:1: 1245 daAuts
     D:3: 1230 daAuts
 Swamp:1: 468 daAuts
